 Dungeon Crawl Stone Soup version 0.23.2-30-g0e89c35649 (webtiles) character file.

Game seed: 7212587721220337673

2383 troglodite the Ducker (level 9, -6/66 HPs)
             Began as a Demonspawn Skald on June 24, 2019.
             Mangled by an orc warrior
             ... wielding a +0 trident
              (7 damage)
             ... on level 6 of the Dungeon.
             The game lasted 00:32:17 (7618 turns).

troglodite the Ducker (Demonspawn Skald)            Turns: 7618, Time: 00:32:17

Health: -6/66      AC: 11    Str: 12    XL:     9   Next: 22%
Magic:  14/15      EV: 14    Int: 17    God:
Gold:   316        SH:  0    Dex: 13    Spells: 9/16 levels left

rFire    . . .     SeeInvis .   a - +0 spear
rCold    . . .     Gourm    .   (no shield)
rNeg     . . .     Faith    .   t - +1 leather armour {rPois}
rPois    +         Spirit   .   y - +1 hat
rElec    .         Reflect  .   (no cloak)
rCorr    .         Harm     .   s - +0 pair of gloves
MR       .....                  (no boots)
Stlth    ++........             (no amulet)
HPRegen  0.21/turn              g - +5 ring of protection
MPRegen  0.14/turn              v - ring of poison resistance

@: no status effects
A: claws 2, nightstalker 1, spiny 3
a: no special abilities


You were on level 6 of the Dungeon.
You were not hungry.

You visited 1 branch of the dungeon, and saw 6 of its levels.
You also visited: Ossuary.

You collected 316 gold pieces.

Inventory:

Hand Weapons
 a - a +0 spear (weapon)
 e - a +3 dagger
Armour
 o - a +0 shield
 s - a +0 pair of gloves (worn)
 t - a +1 leather armour of poison resistance (worn)
 y - a +1 hat (worn)
Jewellery
 g - a +5 ring of protection (left hand)
 r - an uncursed ring of protection from cold
 v - a ring of poison resistance (right hand)
Scrolls
 b - a scroll of torment {unknown}
 c - a scroll of enchant armour {unknown}
 h - 4 scrolls of teleportation
 i - 3 scrolls of magic mapping
 j - 8 scrolls of remove curse
 n - a scroll of immolation {unknown}
 u - a scroll of blinking {unknown}
 B - 2 scrolls of amnesia {unknown}
 F - a scroll of brand weapon {unknown}
Potions
 k - a potion of heal wounds
 l - 2 potions of mutation
 m - 2 potions of might {unknown}
 q - a potion of brilliance {unknown}
 x - a potion of flight {unknown}
 z - 2 potions of haste {unknown}
 A - 2 potions of curing {unknown}
 C - a potion of ambrosia {unknown}
 D - 2 potions of resistance {unknown}
 E - 3 potions of cancellation {unknown}
Comestibles
 d - 14 rations
 f - 3 chunks of flesh


   Skills:
 * Level 4.3 Fighting
 + Level 4.3 Polearms
 * Level 3.3 Armour
 * Level 4.9 Dodging
 + Level 1.3 Stealth
 * Level 3.1 Shields
 * Level 4.0 Spellcasting
 * Level 3.5 Hexes
 * Level 4.5 Charms
 * Level 3.8 Necromancy


You had 9 spell levels left.
You knew the following spells:

 Your Spells              Type           Power        Failure   Level  Hunger
a - Infusion              Chrm           ###.         3%          1    None
b - Spectral Weapon       Hex/Chrm       ###.....     12%         3    ###....
c - Regeneration          Chrm/Necr      ###.......   11%         3    ###....

Your spell library contained the following spells:

 Spells                   Type           Power        Failure   Level  Hunger
 Song of Slaying          Chrm           ###.....     4%          2    ##.....
 Shroud of Golubria       Chrm/Tloc      ##........   12%         2    ##.....
 Beastly Appendage        Tmut           #.....       21%         1    None
 Sticks to Snakes         Tmut           #.......     30%         2    ##.....
 Spider Form              Tmut/Pois      #.........   52%         3    ###....
 Ice Form                 Ice/Tmut       #.......     89%         4    ####...
 Blade Hands              Tmut           #.........   99%         5    ######.


Dungeon Overview and Level Annotations

Branches:
Dungeon (6/15)
 Temple: D:4-7

Altars:
Elyvilon
Fedhas
Makhleb
Qazlal
Trog
Xom
Yredelemnul


Innate Abilities, Weirdness & Mutations

You have very sharp fingernails.
You are slightly more attuned to the shadows.
You are completely covered in sharp spines.


Message History

You are too injured to fight recklessly!
You are too injured to fight recklessly!
You are too injured to fight recklessly!
You are too injured to fight recklessly!
The orc warrior hits you with a +0 trident!
* * * LOW HITPOINT WARNING * * *
You barely miss the orc warrior.
The orc warrior is heavily wounded.
Your spectral weapon completely misses the orc warrior.
The orc warrior closely misses you.
You closely miss the orc warrior.
The orc warrior is heavily wounded.
Your spectral weapon hits the orc warrior but does no damage.
The orc wizard gestures wildly while chanting.
The orc wizard blinks!
A bullfrog comes into view.
The orc warrior hits you with a +0 trident!
* * * LOW HITPOINT WARNING * * *
The orc warrior hits you from afar with a +0 trident!
You die...

(a..(....o..............#.##.....
.......##........##.....#,.......
##......*#.##..o.##>....#........
,#...oo.,,.........F....†........
,.......,,..........##.).....##..
**,**,*,,*#...............oo.....
,,,,,,,,,,,*#...o...............#
,,,,,,,,,,,,##..(†...............
**,,,,,,,,***##.@.##..#####......
*,,,****** #...##...# ##......
**,,,** ##......###*.......
*,,,,,* ###......###......
*,,,,,* ##.......#...... ***,,**
##...#........... ****
#.............###
#..##..........##
#..####....##....


You could see an orc warrior, a bullfrog, an orc wizard and a friendly spectral
+0 spear.

Vanquished Creatures
  Duvessa (D:6)
  A sky beast (D:5)
  An ice beast (D:5)
  2 orc warriors
  A phantom (D:5)
  A centaur (D:4)
  3 bullfrogs (D:6)
  Dowan (D:6)
  2 wyvern zombies (Ossuary)
  A water moccasin zombie (Ossuary)
  3 scorpions
  A howler monkey (D:4)
  2 crimson imps
  A quasit (D:6)
  2 bullfrog zombies (Ossuary)
  A centaur zombie (Ossuary)
  A bullfrog skeleton (D:5)
  2 hounds
  4 orc priests
  An iguana (D:5)
  4 orc wizards
  A worker ant (D:6)
  3 killer bee zombies
  9 mummies (Ossuary)
  A howler monkey zombie (Ossuary)
  4 worker ant zombies (Ossuary)
  9 adders
  2 shadow imps
  An ooze (D:1)
  2 adder zombies
  6 worms
  3 dart slugs
  3 leopard geckos
  32 orcs
  5 giant cockroaches
  9 goblins
  11 hobgoblins
  13 jackals
  15 kobolds
  7 quokkas
  2 ball pythons
  A ball python zombie (Ossuary)
  11 bats
  5 frilled lizards
  A jackal zombie (Ossuary)
  2 leopard gecko zombies (Ossuary)
  6 rats
200 creatures vanquished.

Vanquished Creatures (others)
  An orc wizard (D:6)
  5 spectral weapons
  3 withered plants (Ossuary)
9 creatures vanquished.

Grand Total: 209 creatures vanquished

Notes
Turn   | Place    | Note
-------+----------+-------------------------------------------
     0 | D:1      | troglodite the Demonspawn Skald began the quest for the
                  | Orb.
     0 | D:1      | Reached XP level 1. HP: 16/16 MP: 3/3
   191 | D:1      | Reached skill level 1 in Armour
   226 | D:1      | Gained mutation: You have sharp fingernails. [demonic
                  | ancestry]
   226 | D:1      | Reached XP level 2. HP: 8/22 MP: 5/5
   771 | D:1      | Gained mutation: You are partially covered in sharp spines.
                  | [demonic ancestry]
   771 | D:1      | Reached XP level 3. HP: 26/28 MP: 6/6
  1257 | D:2      | Reached XP level 4. HP: 34/34 MP: 7/7
  1266 | D:2      | Learned a level 3 spell: Spectral Weapon
  1270 | D:2      | Learned a level 3 spell: Regeneration
  1356 | D:2      | Reached skill level 1 in Shields
  2186 | D:3      | Reached XP level 5. HP: 39/39 MP: 8/8
  3170 | D:4      | Gained mutation: You are mostly covered in sharp spines.
                  | [demonic ancestry]
  3170 | D:4      | Reached XP level 6. HP: 45/46 MP: 9/9
  3293 | D:4      | Found a bloodstained altar of Trog.
  3667 | D:4      | Found a white marble altar of Elyvilon.
  3702 | D:4      | Found a basalt altar of Yredelemnul.
  3803 | D:4      | Found a blossoming altar of Fedhas.
  4087 | D:4      | Reached skill level 1 in Necromancy
  4165 | D:5      | Entered Level 5 of the Dungeon
  4256 | D:5      | Reached skill level 1 in Hexes
  4256 | D:5      | Gained mutation: You are completely covered in sharp
                  | spines. [demonic ancestry]
  4256 | D:5      | Reached XP level 7. HP: 22/51 MP: 2/11
  5140 | D:5      | Found a burning altar of Makhleb.
  5143 | D:5      | Found a shimmering altar of Xom.
  5146 | D:5      | Found a stormy altar of Qazlal.
  5289 | D:5      | Gained mutation: You have very sharp fingernails. [demonic
                  | ancestry]
  5289 | D:5      | Reached XP level 8. HP: 53/58 MP: 12/12
  5484 | D:6      | Reached skill level 1 in Stealth
  5514 | D:6      | Noticed Dowan
  5514 | D:6      | Noticed Duvessa
  5516 | D:6      | Found a sand-covered staircase.
  5525 | Ossuary  | Entered an ossuary
  6772 | D:6      | Killed Duvessa
  6777 | D:6      | Killed Dowan
  6962 | D:6      | Gained mutation: You are slightly more attuned to the
                  | shadows. [demonic ancestry]
  6962 | D:6      | Reached XP level 9. HP: 36/65 MP: 7/14
  7616 | D:6      | HP: 1/66 [orc warrior/+0 trident (17)]
  7618 | D:6      | Mangled by an orc warrior

Skill      XL: |  1  2  3  4  5  6  7  8  9 |
---------------+----------------------------+-----
Armour         | 1 2 3 |  3.3
Dodging        | 2 3 4 |  4.9
Charms         | 3 4 |  4.5
Polearms       | 2 3 4 |  4.3
Shields        | 1 2 3 |  3.1
Necromancy     | 1 2 3 |  3.8
Hexes          | 1 3 |  3.5
Fighting       | 3 4 |  4.3
Spellcasting   | 3 4 |  4.0
Stealth        | 1 |  1.3

Action                   |  1- 3 |  4- 6 |  7- 9 || total
-------------------------+-------+-------+-------++-------
Melee: Spear             |   139 |   250 |   311 ||   700
 Cast: Spectral Weapon   |       |     3 |    19 ||    22
       Regeneration      |       |       |     2 ||     2
  Use: Scroll            |       |       |     8 ||     8
       Potion            |       |       |     1 ||     1
 Stab: Sleeping          |     1 |       |       ||     1
       Distracted        |       |       |     4 ||     4
  Eat: Chunk             |     1 |    10 |     4 ||    15
       Ration            |       |       |     3 ||     3
Armor: Leather armour    |    44 |    59 |   100 ||   203
Dodge: Dodged            |   107 |   121 |   147 ||   375
